 Dungeon Crawl Stone Soup version 0.27.0-65-ge2af304b15 (webtiles) character file.

Game seed: 5877684896123310594

54 ElTigreChino the Sneak (level 3, -4/16 HPs)
             Began as a Spriggan Enchanter on Aug 19, 2021.
             Killed from afar by an orc wizard (6 damage)
             ... with a magic dart
             ... on level 3 of the Dungeon.
             The game lasted 00:22:53 (3914 turns).

ElTigreChino the Sneak (Spriggan Enchanter)         Turns: 3914, Time: 00:22:53

Health: -4/16      AC:  2    Str:  4    XL:     3   Next: 66%
Magic:  8/8        EV: 18    Int: 16    God:
Gold:   91         SH:  0    Dex: 16    Spells: 7/8 levels left

rFire    . . .     SeeInvis +   a - +1 dagger
rCold    . . .     Faith    .   (shield restricted)
rNeg     . . .     Spirit   .   b - +0 robe
rPois    .         Reflect  .   (helmet restricted)
rElec    .         Harm     .   (no cloak)
rCorr    .         Rampage  .   (gloves unavailable)
Will     .....                  (boots unavailable)
Stlth    +++.......             (no amulet)
HPRegen  0.05/turn              (no ring)
MPRegen  0.11/turn              (no ring)

@: very quick
A: very small, no large weapons, unfitting armour, see invisible, speed 3
a: no special abilities


You were on level 3 of the Dungeon.
You visited 1 branch of the dungeon, and saw 3 of its levels.

You collected 91 gold pieces.

Inventory:

Hand Weapons
 a - a +1 dagger (weapon)
Missiles
 i - a throwing net
Armour
 b - a +0 robe (worn)
Wands
 f - a wand of polymorph (10)
Scrolls
 c - a scroll of acquirement {unknown}
 g - a scroll of enchant weapon {unknown}
Potions
 d - a potion of might {unknown}
 e - a potion of curing {unknown}
 h - 2 potions of flight {unknown}


   Skills:
 + Level 1.8 Short Blades
 + Level 3.3 Dodging
 * Level 5.2 Stealth
 + Level 3.2 Spellcasting
 + Level 4.0 Hexes
 + Level 0.7 Evocations


You had 7 spell levels left.
You knew the following spells:

 Your Spells              Type           Power      Damage    Failure   Level
a - Corona                Hex            16%        N/A       3%          1

Your spell library contained the following spells:

 Spells                   Type           Power      Damage    Failure   Level
 Slow                     Hex            15%        N/A       5%          2
 Confusing Touch          Hex            15%        N/A       11%         3
 Tukima's Dance           Hex            15%        N/A       11%         3
 Ensorcelled Hibernation  Hex/Ice        18%        N/A       12%         2
 Animate Skeleton         Necr           4%         N/A       19%         1
 Apportation              Tloc           4%         N/A       19%         1
 Summon Small Mammal      Summ           8%         N/A       19%         1
 Dazzling Flash           Conj/Hex       18%        N/A       24%         3
 Yara's Violent Unravell  Hex/Tmut       4%         3d4       91%         5


Dungeon Overview and Level Annotations

Branches:
Dungeon (3/15)

Altars:

Shops:
D:3 *


Innate Abilities, Weirdness & Mutations

You are very small and have problems with some larger weapons.
You are too small for most types of armour.
You have supernaturally acute eyesight. (SInv)
You cover ground extremely quickly. (Speed+++)


Message History

The adder bites you.
You are poisoned.
The adder poisons you!
You feel sick.
You feel sick.
You feel sick.
You feel sick.
You feel sick.
You feel sick.
You feel sick.
You are no longer poisoned.
You see here a +0 club.
You see here 22 sling bullets.
There is a stone staircase leading down here.
You see here 4 arrows.
An orc wizard comes into view. It is wielding a +0 dagger.
The orc wizard shouts!
You barely miss the orc wizard. You hit the orc wizard.
The orc wizard is lightly wounded.
The orc wizard barely misses you.
An orc wizard comes into view. It is wielding a +0 dagger.
You hit the orc wizard.
The orc wizard is moderately wounded.
The orc wizard hits you with a +0 dagger.
* * * LOW HITPOINT WARNING * * *
You closely miss the orc wizard.
The orc wizard is moderately wounded.
An orc comes into view. It is wielding a +0 hand axe.
You hit the orc wizard but do no damage.
The orc wizard hits you with a +0 dagger.
* * * LOW HITPOINT WARNING * * *
The orc wizard misses you.
You barely miss the orc wizard. The orc wizard barely misses you. x2
You hit the orc wizard.
The orc wizard is lightly wounded.
The orc wizard completely misses you.
The orc wizard gestures at you while chanting.
The magic dart hits you.
You die...

#.# .. #.# #.# #.# #.#
#.# #.# #.# #.# #.# #.#
###.######.########.
#.......@o..<.......
####.#.....oo.###.##.##
#....#.######## #
#....#.# .### #...##.#
... ##.###.# ###.# #.#
#.# #...# #.# #.#
###...### #.# #.#
#######.......####


You could see 2 orc wizards and an orc.

Vanquished Creatures
  A dart slug (D:1)
  An orc (D:3)
  4 bats
  3 endoplasms
  2 giant cockroaches (D:2)
  4 goblins
  2 hobgoblins
  5 jackals (D:1)
  6 kobolds
  4 quokkas
  6 ball pythons
  3 frilled lizards
  6 rats
47 creatures vanquished.

Vanquished Creatures (others)
  2 withered plants (D:3)
2 creatures vanquished.

Grand Total: 49 creatures vanquished

Notes
Turn   | Place    | Note
-------+----------+-------------------------------------------
     0 | D:1      | ElTigreChino the Spriggan Enchanter began the quest for the
                  | Orb.
     0 | D:1      | Reached XP level 1. HP: 9/9 MP: 5/5
   323 | D:1      | Reached XP level 2. HP: 9/13 MP: 6/6
   939 | D:1      | Reached skill level 5 in Stealth
  1702 | D:2      | Reached XP level 3. HP: 16/16 MP: 8/8
  3693 | D:3      | Found Feprozou's Assorted Antiques.
  3797 | D:3      | Found a faded altar of an unknown god.
  3914 | D:3      | Killed from afar by an orc wizard

Illustrated notes

Levels and vault maps discovered:
D:1:      ncdulo_watergridlock, layout_loops_ring, hangedman_glass_teeth
D:2:      layout_rooms, minmay_misc_feat_doors,
          amcnicky_mini_rare_corridor_liquid
D:3:      layout_loops_ring, mainiacjoe_overflow_alcove_2, serial_shops, shop,
          nicolae_shop_waterfront, shop, ebering_ecumenical_altar_petrified

Skill      XL: |  1  2  3 |
---------------+----------+-----
Dodging        | 3 |  3.3
Spellcasting   | 3 |  3.2
Stealth        | 5 |  5.2
Hexes          | 4 |  4.0
Short Blades   | |  1.8
Evocations     | |  0.7

Action                   || total
-------------------------++-------
Melee: Dagger            ||   269
 Stab: Sleeping          ||     9
       Distracted        ||     1
Armor: Robe              ||    23
Dodge: Dodged            ||   206
